 Dungeon Crawl Stone Soup version 0.29.1-debian-1-gc3f1650bb9 (webtiles) character file.

Game seed: 13853216290178932347

37 MisterAzrael the Magician (level 3, -2/27 HPs)
             Began as a Djinni Fire Elementalist on Sept 12, 2022.
             Slain by Robin
             ... wielding a +3 whip of pain
              (8 damage)
             ... on level 1 of the Dungeon.
             The game lasted 00:01:40 (1706 turns).

MisterAzrael the Magician (DjFE)                    Turns: 1706, Time: 00:01:41

Health: -2/27      AC:  3    Str:  9    XL:     3   Next: 62%
Gold:   50         EV: 12    Int: 16    God:
                   SH:  0    Dex: 13

rFire   + + .      SeeInvis .   (no weapon)
rCold   x . .      Faith    .   (no shield)
rNeg    . . .      Spirit   .   a - +0 robe
rPois   ∞          Reflect  .   (no helmet)
rElec   .          Harm     .   (no cloak)
rCorr   .          Rampage  .   d - +0 pair of gloves
Will    .....                   (boots unavailable)
Stlth   ++........              (no amulet)
HPRegen 0.09/turn               (no ring)
MPRegen 0.00/turn               (no ring)

@: flying
A: sickness immunity, fire resistance 2, cold vulnerability 1, float, innate
caster, HP casting, extra vitality 1
a: no special abilities


You were on level 1 of the Dungeon.
You visited 1 branch of the dungeon, and saw 2 of its levels.

You collected 50 gold pieces.

Inventory:

Armour
 a - a +0 robe (worn)
 d - a +0 pair of gloves (worn)
Jewellery
 h - a ring of protection from cold
Scrolls
 b - a scroll of magic mapping {unknown}
 c - a scroll of poison {unknown}
 e - a scroll of enchant weapon {unknown}
 i - a scroll of brand weapon {unknown}
 k - a scroll of torment {unknown}
Potions
 f - a potion of attraction {unknown}
 g - a potion of curing {unknown}
 j - a potion of might {unknown}


   Skills:
 + Level 1.2 Fighting
 - Level 2.5 Dodging
 - Level 1.9 Stealth
 + Level 2.9 Spellcasting


You couldn't memorise any spells.
You knew the following spells:

 Your Spells              Type           Power      Damage    Failure   Level
a - Foxfire               Conj/Fire      44%        2x1d6     6%          1
b - Scorch                Fire           22%        2d6       9%          2
c - Kindle Blastsparks    Fire/Tloc/Air  22%        2d11      17%         3
d - Inner Flame           Hex/Fire       11%        N/A       17%         3
e - Flame Wave            Conj/Fire      11%        2d6       50%         4
f - Shock                 Conj/Air       44%        1d5       6%          1
Your spell library was empty.

Dungeon Overview and Level Annotations

Branches:
Dungeon (2/15)

Altars:

Annotations:
D:1 Robin


Innate Abilities, Weirdness & Mutations

You are immune to sickness and miasma.
You are immune to poison.
Your flesh is very heat resistant. (rF++)
You are vulnerable to cold. (rC-)
You float through the air rather than walking.
You learn spells naturally, not from books.
Your magical power is your life essence.
You have superior vitality. (+4 MHP)


Message History

The hobgoblin hits you but does no damage.
Casting: Scorch (safe; 9% risk of failure)
Press: ? - help, Q - select action, (/) - cycle Dir - look around, f - activate Flames lash the goblin.
The goblin is heavily wounded.
The goblin's fire resistance burns away.
The hobgoblin hits you but does no damage.
Robin hits you with a +3 whip of pain. The hobgoblin hits you.
Robin hits you with a +3 whip of pain.
You writhe in agony.
The hobgoblin closely misses you.
You fly upwards.
There is a stone staircase leading down here.
Casting: Scorch (safe; 9% risk of failure)
Press: ? - help, Q - select action, (/) - cycle Dir - look around, f - activate Flames lash the hobgoblin.
The hobgoblin is severely wounded.
The hobgoblin's fire resistance burns away.
The hobgoblin closely misses you.
The hobgoblin hits you but does no damage.
Casting: Scorch (safe; 9% risk of failure)
Press: ? - help, Q - select action, (/) - cycle Dir - look around, f - activate Flames lash the hobgoblin.
You kill the hobgoblin!
* * * LOW HITPOINT WARNING * * *
The hobgoblin hits you but does no damage.
Robin's horned helmet rattles.
You hit the hobgoblin but do no damage.
The hobgoblin is severely wounded.
The hobgoblin closely misses you.
Robin roars a battlecry!
The hobgoblin goes into a battle-frenzy!
Casting: Scorch (safe; 9% risk of failure)
Press: ? - help, Q - select action, (/) - cycle Dir - look around, f - activate Flames lash the hobgoblin.
The hobgoblin is burned terribly!
You kill the hobgoblin!
* * * LOW HITPOINT WARNING * * *
Robin closely misses you.
You see here a +0 dagger.
Robin attacks as you move away! Robin hits you with a +3 whip of pain!
You die...

## .####### ########
.......# #.....†# .#####.#
#########.####.# ..## #.#
#............#.# ...# #.#
#.#######.##)#.####### ...#
#.# #.# #.##.......(.. .#.#
#.#####.#######......#######
##.# #.......#..@g†.......#
# ##.#
#########.#####......#######
##.# #.# ###...[....... ##.#
#.# #.#.######## #.# ##.##
#.#.# # #.# #...#
#.#.######## #.# ###...###
#.#......... #.#
#.......####.##########
##.##### #............# #


You could see Robin.

Vanquished Creatures
  A dart slug (D:1)
  2 ball pythons (D:1)
  3 endoplasms
  A giant cockroach (D:1)
  7 goblins
  4 hobgoblins
  2 jackals (D:2)
  3 kobolds
  2 quokkas (D:1)
  A bat (D:1)
  2 frilled lizards (D:1)
  2 rats (D:1)
30 creatures vanquished.

Vanquished Creatures (others)
  49 foxfires (D:1)
49 creatures vanquished.

Grand Total: 79 creatures vanquished

Notes
Turn   | Place    | Note
-------+----------+-------------------------------------------
     0 | D:1      | MisterAzrael the Djinni Fire Elementalist began the quest
                  | for the Orb.
     0 | D:1      | MisterAzrael set off with the following spells memorised:
                  | Foxfire, Scorch, Kindle Blastsparks, Inner Flame, Flame
                  | Wave.
     0 | D:1      | Reached XP level 1. HP: 15/15 MP: 0/0
   206 | D:1      | Reached XP level 2. HP: 18/21 MP: 0/0
  1282 | D:1      | Reached XP level 3. HP: 24/26 MP: 0/0
  1282 | D:1      | Learned a level 1 spell: Shock
  1334 | D:1      | Found a faded altar of an unknown god.
  1421 | D:2      | Reached skill level 1 in Fighting
  1425 | D:2      | Noticed Robin
  1706 | D:1      | Slain by Robin

Illustrated notes

Levels and vault maps discovered:
D:1:      dpeg_arrival_rooms_b, layout_loops_ring,
          hellmonk_ecumenical_altar_inner_sanctum
D:2:      layout_loops_ring, serial_bayou, serial_bayou_pond_a,
          serial_bayou_shore_a, serial_bayou_pond_e, serial_bayou_pond_e,
          minmay_misc_feat_nine_boxes, minivault_26, minmay_hedge_maze,
          minmay_misc_feat_hallway, st_stairs_11, chequers_serial_rivers_room_b,
          uniq_robin, uniq_terence

Skill      XL: |  1  2  3 |
---------------+----------+-----
Fighting       | 1 |  1.2
Dodging        | |  2.5
Stealth        | |  1.9
Spellcasting   | |  2.9

Action                   || total
-------------------------++-------
Melee: Unarmed           ||     1
 Cast: Foxfire           ||    32
       Scorch            ||    18
Armor: Robe              ||     5
Dodge: Dodged            ||    15
